 Dungeon Crawl Stone Soup version 0.30-a0-6-g7c9e10e132 (webtiles) character file.

Game seed: 16425332575143209723

137 Setbun the Magician (level 5, -5/35 HPs)
             Began as a Djinni Ice Elementalist on Aug 22, 2022.
             Killed by divine providence
             ... invoked by an orc priest
              (9 damage)
             ... on level 3 of the Dungeon.
             The game lasted 00:02:40 (3713 turns).

Setbun the Magician (Djinni Ice Elementalist)       Turns: 3713, Time: 00:02:40

Health: -5/35      AC:  6    Str:  7    XL:     5   Next: 44%
Gold:   140        EV: 12    Int: 19    God:
                   SH:  0    Dex: 13

rFire   + + .      SeeInvis .    (no weapon)
rCold   x . .      Faith    .    (no shield)
rNeg    . . .      Spirit   .    a - +0 robe
rPois   ∞          Reflect  .    (no helmet)
rElec   .          Harm     .    (no cloak)
rCorr   .          Rampage  .    (no gloves)
Will    .....                    (boots unavailable)
Stlth   ++........               b - amulet of regeneration
HPRegen 0.91/turn                p - +4 ring of protection
MPRegen 0.00/turn                (no ring)

@: attractive, flying
A: sickness immunity, fire resistance 2, cold vulnerability 1, float, innate
caster, HP casting, extra vitality 1
a: no special abilities


You were on level 3 of the Dungeon.
You visited 1 branch of the dungeon, and saw 3 of its levels.

You collected 140 gold pieces.

Inventory:

Armour
 a - a +0 robe (worn)
Jewellery
 b - an amulet of regeneration (around neck)
 p - a +4 ring of protection (left hand)
Wands
 o - a wand of flame (11)
Scrolls
 d - a scroll of torment {unknown}
 e - 2 scrolls of vulnerability {unknown}
 f - 2 scrolls of amnesia {unknown}
 g - 2 scrolls of identify {unknown}
 j - a scroll of fear {unknown}
 k - a scroll of noise {unknown}
 m - a scroll of fog {unknown}
 n - a scroll of teleportation {unknown}
Potions
 h - 2 potions of curing {unknown}
 i - 3 potions of heal wounds {unknown}
 l - a potion of magic {unknown}


   Skills:
 - Level 2.1 Dodging
 - Level 1.5 Stealth
 * Level 5.0 Spellcasting


You couldn't memorise any spells.
You knew the following spells:

 Your Spells              Type           Power      Damage    Failure   Level
a - Freeze                Ice            92%        1d10      1%          1
b - Frozen Ramparts       Ice            46%        1d7       4%          3
c - Ozocubu's Armour      Ice            23%        N/A       4%          3
d - Hailstorm             Conj/Ice       23%        3d7       16%         4
e - Beastly Appendage     Tmut           46%        N/A       1%          1
f - Wereblood             Tmut           23%        N/A       2%          2
Your spell library was empty.

Dungeon Overview and Level Annotations

Branches:
Dungeon (3/15)

Altars:
Elyvilon
Fedhas


Innate Abilities, Weirdness & Mutations

You are immune to sickness and miasma.
You are immune to poison.
Your flesh is very heat resistant. (rF++)
You are vulnerable to cold. (rC-)
You float through the air rather than walking.
You learn spells naturally, not from books.
Your magical power is your life essence.
You have superior vitality. (+4 MHP)


Message History

Beogh smites you! The orc closely misses you.
You freeze the orc.
You kill the orc!
An orc comes into view. It is wielding a +0 hand axe.
The orc priest calls down the wrath of Beogh upon you.
Pain shoots through your body!
* * * LOW HITPOINT WARNING * * *
Sorry, you're not good enough to have a special ability.
It was a potion of attraction.
You feel attractive to monsters. The orc is attracted toward you.
The orc priest is attracted toward you. The orc is attracted toward you.
Sorry, you're not good enough to have a special ability.
You are too injured to fight recklessly!
You are too injured to fight recklessly!
Aiming: Freeze (safe; 1% risk of failure)
Press: ? - help, Q - select action, (/) - cycle Shift-Dir - straight line, f - orc
Aim: an orc, wielding a +0 club and wearing a +0 scale mail You freeze the orc.
The orc is lightly wounded.
* * * LOW HITPOINT WARNING * * *
Unknown command.
Aiming: Freeze (safe; 1% risk of failure)
Press: ? - help, Q - select action, (/) - cycle Shift-Dir - straight line, f/p - orc
Aim: an orc, wielding a +0 club and wearing a +0 scale mail (lightly wounded)
You freeze the orc.
The orc is severely wounded.
* * * LOW HITPOINT WARNING * * *
The orc hits you with a +0 club.
* * * LOW HITPOINT WARNING * * *
Aiming: Freeze (safe; 1% risk of failure)
Press: ? - help, Q - select action, (/) - cycle Shift-Dir - straight line, f/p - orc
Aim: an orc, wielding a +0 club and wearing a +0 scale mail (severely wounded)
You freeze the orc.
You kill the orc!
* * * LOW HITPOINT WARNING * * *
The orc is attracted toward you.
The orc priest mumbles some strange prayers to Beogh against you.
Beogh smites you!
You die...

#.. #.####### #.......#
#. #.....# #>......# #
#.#####.# #.......#
........### #........
#######o§.## #######.#
#o#..# ######.#
#o##.######....#.#
#.##....†##......#
#@######†.#.....## #.#
##.'.....## #.#
###....... #.####
######..### #.#..#
#....)...##
######.#..###.........#
#......#............#..
#.#######.##........##.
#.#...#...##.##########


You could see an orc priest and 2 orcs.

Vanquished Creatures
  An orc priest (D:3)
  An adder (D:2)
  2 worms
  6 dart slugs
  6 orcs (D:3)
  6 ball pythons
  2 bats
  3 endoplasms (D:1)
  5 giant cockroaches
  4 goblins
  7 hobgoblins
  8 jackals
  8 kobolds
  2 quokkas (D:1)
  A frilled lizard (D:1)
  7 rats
69 creatures vanquished.

Notes
Turn   | Place    | Note
-------+----------+-------------------------------------------
     0 | D:1      | Setbun the Djinni Ice Elementalist began the quest for the
                  | Orb.
     0 | D:1      | Setbun set off with the following spells memorised: Freeze,
                  | Frozen Ramparts, Ozocubu's Armour, Hailstorm.
     0 | D:1      | Reached XP level 1. HP: 15/15 MP: 0/0
   283 | D:1      | Found a faded altar of an unknown god.
   307 | D:1      | Reached XP level 2. HP: 17/21 MP: 0/0
   855 | D:1      | Reached XP level 3. HP: 24/25 MP: 0/0
   855 | D:1      | Learned a level 1 spell: Beastly Appendage
  1177 | D:1      | Reached skill level 4 in Spellcasting
  2047 | D:2      | Reached XP level 4. HP: 20/31 MP: 0/0
  3415 | D:3      | Found a blossoming altar of Fedhas.
  3536 | D:3      | Reached XP level 5. HP: 35/35 MP: 0/0
  3536 | D:3      | Learned a level 2 spell: Wereblood
  3579 | D:3      | Found a white marble altar of Elyvilon.
  3670 | D:3      | Reached skill level 5 in Spellcasting
  3713 | D:3      | Killed from afar by an orc priest

Illustrated notes

Levels and vault maps discovered:
D:1:      dpeg_arrival_boxorama, layout_loops_corners,
          chequers_ecumenical_altar_grove
D:2:      minmay_kobold_bridge, layout_loops_ring
D:3:      layout_basic, general_overflow_altar, elyvilon_altar_3

Skill      XL: |  1  2  3  4  5 |
---------------+----------------+-----
Spellcasting   | 4 5 |  5.0
Dodging        | |  2.1
Stealth        | |  1.5

Action                   |  1- 3 |  4- 6 || total
-------------------------+-------+-------++-------
Melee: Unarmed           |    12 |     4 ||    16
       Punch             |     1 |       ||     1
 Cast: Freeze            |    49 |    61 ||   110
       Wereblood         |       |     1 ||     1
  Use: Potion            |       |     1 ||     1
Armor: Robe              |     9 |    10 ||    19
Dodge: Dodged            |    29 |    29 ||    58

Table legend: (Time is in decaauts)
 A = Elapsed time spent in this place.
 B = Non-inter-level travel time spent in this place.
 C = Inter-level travel time spent in this place.
 D = Time resting spent in this place.
 E = Time spent auto-exploring this place.
 F = Levels seen in this place.
 G = Mean time per level.
                   A        B        C        D        E       F      G
               +--------+--------+--------+--------+--------+-----+--------+
         Total |   3712 |   3683 |     29 |      0 |   3287 |   3 | 1237.3 |
       Dungeon |   3712 |   3683 |     29 |      0 |   3287 |   3 | 1237.3 |
               +--------+--------+--------+--------+--------+-----+--------+

Top non-repeatable levels by time:
     D:1: 1739 daAuts
     D:2: 1276 daAuts
     D:3: 696 daAuts
